 Dungeon Crawl Stone Soup version 0.25-a0-2-g6559c6c67a (webtiles) character file.

Game seed: 13580428703474442199, levelgen mode: deterministic

117 Arixos the Charmwright (level 5, 0/27 HPs)
             Began as a Vine Stalker Skald on Oct 14, 2019.
             Slain by a gnoll
             ... wielding a +0 whip
              (4 damage)
             ... on level 2 of the Dungeon.
             The game lasted 00:05:45 (1640 turns).

Arixos the Charmwright (Vine Stalker Skald)         Turns: 1640, Time: 00:05:45

Health: 0/27       AC:  3    Str: 13    XL:     5   Next: 1%
Magic:  0/10       EV: 12    Int: 13    God:
Gold:   152        SH:  0    Dex: 15    Spells: 3/9 levels left

rFire    . . .     SeeInvis .   a - +0 falchion
rCold    . . .     Gourm    .   (no shield)
rNeg     . . .     Faith    .   b - +0 leather armour
rPois    .         Spirit   +   (no helmet)
rElec    .         Reflect  .   (no cloak)
rCorr    .         Harm     .   (no gloves)
MR       .....                  (no boots)
Stlth    +.........             (no amulet)
HPRegen  0.49/turn              (no ring)
MPRegen  0.12/turn              (no ring)

@: no status effects
A: fangs 2, regeneration 1, magic shield, antimagic bite, no potion heal 3, rot
immunity
a: no special abilities


You were on level 2 of the Dungeon.
You were not hungry.

You visited 1 branch of the dungeon, and saw 2 of its levels.

You collected 152 gold pieces.

Inventory:

Hand Weapons
 a - a +0 falchion (weapon)
Missiles
 g - 12 poisoned darts (quivered)
Armour
 b - a +0 leather armour (worn)
Scrolls
 e - 3 scrolls of noise {unknown}
 h - a scroll of enchant weapon {unknown}
 j - 2 scrolls of remove curse {unknown}
 l - 4 scrolls of teleportation {unknown}
 m - a scroll of identify {unknown}
 n - a scroll of fear {unknown}
Potions
 c - 2 potions of curing {unknown}
 f - a potion of haste {unknown}
 i - 2 potions of lignification {unknown}
Comestibles
 d - 6 rations
 k - 3 chunks of flesh


   Skills:
 + Level 2.3 Fighting
 + Level 2.5 Long Blades
 - Level 0.7 Armour
 + Level 2.1 Dodging
 + Level 2.8 Spellcasting
 + Level 3.5 Charms
 + Level 0.8 Necromancy
 + Level 1.1 Translocations


You had 3 spell levels left.
You knew the following spells:

 Your Spells              Type           Power        Failure   Level  Hunger
a - Infusion              Chrm           ##..         7%          1    #......
r - Regeneration          Chrm/Necr      #.........   36%         3    ###....
s - Shroud of Golubria    Chrm/Tloc      #.....       17%         2    ###....

Your spell library contained the following spells:

 Spells                   Type           Power        Failure   Level  Hunger
 Song of Slaying          Chrm           ##......     11%         2    ###....
 Spectral Weapon          Hex/Chrm       #.......     41%         3    ###....


Dungeon Overview and Level Annotations

Branches:
Dungeon (2/15)

Altars:
Gozag
The Shining One


Innate Abilities, Weirdness & Mutations

You have extremely sharp teeth.
Your natural rate of healing is unusually fast.
When hurt, damage is shared between your health and your magic reserves.
Your bite disrupts and absorbs the magic of your enemies.
Potions cannot restore your health.
You are immune to rotting.


Message History

The gnoll is moderately wounded.
The gnoll misses you.
You hit the gnoll.
The gnoll is severely wounded.
The gnoll hits you with a +0 halberd!
Your shroud falls apart!
You closely miss the gnoll.
The gnoll is severely wounded.
A gnoll comes into view. It is wielding a +0 whip.
The gnoll hits you with a +0 halberd!
The gnoll shouts!
You hit the gnoll but do no damage. Your bite misses the gnoll.
The gnoll is severely wounded.
The gnoll hits you with a +0 halberd!
* * * LOW HITPOINT WARNING * * *
You closely miss the gnoll.
The gnoll is severely wounded.
Your skin stops crawling.
The gnoll hits you with a +0 whip.
You die...

#.# #.# ###)##### #.#
#...รท...# #.###
#.#.###.# #.#.##
#.#.###.###....###
#####.#...............
#........#######...###
#.###g##.# ##.##
#@##.# #.# #g##.# #.#
..##.# ##+# #.###.#
##...## #. #.#
##.....## #. .#
##.......# ..
#......... #.
+......... #.........


You could see 2 gnolls.

Vanquished Creatures
  Robin (D:2)
  2 gnolls (D:2)
  4 adders (D:2)
  3 dart slugs
  A leopard gecko (D:2)
  A bat (D:2)
  2 giant cockroaches (D:1)
  12 goblins
  7 hobgoblins
  4 jackals (D:1)
  A kobold (D:1)
  4 frilled lizards
  2 rats (D:2)
44 creatures vanquished.

Notes
Turn   | Place    | Note
-------+----------+-------------------------------------------
     0 | D:1      | Arixos the Vine Stalker Skald began the quest for the Orb.
     0 | D:1      | Reached XP level 1. HP: 11/11 MP: 4/4
    92 | D:1      | Reached XP level 2. HP: 12/15 MP: 4/6
   103 | D:1      | Learned a level 2 spell: Shroud of Golubria
   472 | D:1      | Reached XP level 3. HP: 14/18 MP: 3/7
   715 | D:2      | Learned a level 3 spell: Regeneration
   831 | D:2      | Found an opulent altar of Gozag.
  1189 | D:2      | Noticed Robin
  1206 | D:2      | Gained mutation: Your natural rate of healing is unusually
                  | fast. [Vine Stalker growth]
  1206 | D:2      | Reached XP level 4. HP: 20/23 MP: 0/8
  1225 | D:2      | Killed Robin
  1398 | D:2      | Found a glowing golden altar of the Shining One.
  1590 | D:2      | Reached skill level 1 in Translocations
  1633 | D:2      | Reached XP level 5. HP: 16/27 MP: 3/10
  1640 | D:2      | Slain by a gnoll

Levels and vault maps discovered:
D:1:      zelgadis_glass_arrival_small, layout_basic, minmay_pentomino_o4
D:2:      layout_loops_corners, marbit_many_paths, grunt_decor_clamped,
          chequers_decorated_corner, grunt_gozag_breadcrumbs, uniq_robin

Skill      XL: |  1  2  3  4 |
---------------+-------------+-----
Long Blades    | 2 |  2.5
Fighting       | 2 |  2.3
Dodging        | 2 |  2.1
Translocations | 1 |  1.1
Armour         | |  0.7
Spellcasting   | |  2.8
Charms         | |  3.5
Necromancy     | |  0.8

Action                   |  1- 3 |  4- 6 || total
-------------------------+-------+-------++-------
Melee: Falchion          |    92 |    57 ||   149
       Bite              |    23 |    21 ||    44
 Cast: Shroud of Golubri |     8 |     6 ||    14
       Regeneration      |     2 |     2 ||     4
  Eat: Chunk             |     2 |     2 ||     4
Armor: Leather armour    |    27 |    12 ||    39
Dodge: Dodged            |    62 |    48 ||   110
       Rpst.: Falchion   |    18 |    16 ||    34

Table legend:
 A = Non-vault XP
 B = Vault XP
 C = Vault XP percentage of total XP
 D = Non-vault monster count
 E = Vault monster count
 F = Vault count percentage of total count
                 A         B        C        D         E       F
            +---------+---------+-------+---------+---------+-------
      Total |     116 |      52 |  31.0 |      30 |      14 |  31.8
            +---------+---------+-------+---------+---------+-------
        D:1 |      30 |       9 |  23.1 |      15 |       4 |  21.1
        D:2 |      86 |      43 |  33.3 |      15 |      10 |  40.0
            +---------+---------+-------+---------+---------+-------
